 Dungeon Crawl Stone Soup version 0.24.0-1-gfbc8707 (webtiles) character file.

Game seed: 11291684458677412619, levelgen mode: deterministic

32 Minkie the Grave Robber (level 3, -1/28 HPs)
             Began as a Ghoul Necromancer on Nov 12, 2019.
             Slain by a worm (10 damage)
             ... on level 2 of the Dungeon.
             The game lasted 00:05:23 (809 turns).

Minkie the Grave Robber (Ghoul Necromancer)          Turns: 809, Time: 00:05:24

Health: -1/28      AC:  3    Str: 11    XL:     3   Next: 25%
Magic:  2/5        EV: 12    Int: 11    God:
Gold:   35         SH:  0    Dex:  9    Spells: 5/6 levels left

rFire    . . .     SeeInvis .     - Unarmed
rCold    + . .     Gourm    .   (no shield)
rNeg     + + +     Faith    .   a - +0 robe
rPois    ∞         Spirit   .   (no helmet)
rElec    .         Reflect  .   (no cloak)
rCorr    .         Harm     .   (no gloves)
MR       .....                  h - +0 pair of boots
Stlth    ++........             (no amulet)
HPRegen  0.00/turn              (no ring)
MPRegen  0.09/turn              (no ring)

@: rotting
A: rotting body, claws 1, carnivore, cold resistance 1, negative energy
resistance 3, inhibited regeneration, torment resistance, unbreathing
a: no special abilities


You were on level 2 of the Dungeon.
You were not hungry.

You visited 1 branch of the dungeon, and saw 2 of its levels.

You collected 35 gold pieces.

Inventory:

Armour
 a - a +0 robe (worn)
 h - a +0 pair of boots (worn)
Jewellery
 i - an uncursed amulet of harm {unknown}
Scrolls
 e - a scroll of blinking {unknown}
 j - a scroll of immolation {unknown}
Potions
 d - a potion of heal wounds {unknown}
 f - a potion of degeneration {unknown}
 g - a potion of flight {unknown}
Comestibles
 c - 3 rations


   Skills:
 + Level 1.2 Fighting
 - Level 1.7 Dodging
 - Level 2.1 Stealth
 + Level 1.3 Unarmed Combat
 + Level 2.1 Spellcasting
 + Level 4.2 Necromancy


You had 5 spell levels left.
You knew the following spells:

 Your Spells              Type           Power        Failure   Level  Hunger
a - Pain                  Necr           ##..         4%          1    ##.....

Your spell library contained the following spells:

 Spells                   Type           Power        Failure   Level  Hunger
 Animate Skeleton         Necr           N/A          4%          1    ##.....
 Vampiric Draining        Necr           ##........   16%         3    ####...
 Regeneration             Chrm/Necr      #.........   34%         3    ####...
 Animate Dead             Necr           N/A          45%         4    #####..


Dungeon Overview and Level Annotations

Branches:
Dungeon (2/15)

Altars:
Nemelex Xobeh


Innate Abilities, Weirdness & Mutations

Your body is rotting away.
You thrive on raw meat.
You are immune to poison.
You have sharp fingernails.
You are carnivorous and can eat meat at any time.
Your flesh is cold resistant. (rC+)
You are immune to negative energy. (rN+++)
You do not regenerate when monsters are visible.
You are immune to unholy pain and torment.
You can survive without breathing.


Message History

The worm bites you but does no damage.
You scratch the worm but do no damage.
The worm is moderately wounded.
You scratch the worm.
The worm is severely wounded.
The worm misses you.
You scratch the worm but do no damage.
The worm is heavily wounded.
You scratch the worm but do no damage.
The worm is heavily wounded.
The worm misses you.
You scratch the worm.
The worm is severely wounded.
The worm bites you.
You scratch the worm.
The worm is almost dead.
You barely miss the worm.
The worm is almost dead.
The worm bites you!
You die...

# #.###..###### #####
##.###..# '...#
#......># ###.#
#....#### # #.######
#....# # #......#
#....# + #......#
#....# #
#......########w...# #
#......##.....@....# #
#......##....).....# #
#......'...........# #
##....÷##..........#
#........+...........#
###.....##..........#
###################


You could see a worm.

Vanquished Creatures
  3 dart slugs
  A leopard gecko (D:2)
  3 giant cockroaches (D:1)
  5 goblins
  A hobgoblin (D:1)
  5 kobolds
  A ball python (D:1)
  4 bats (D:1)
  A frilled lizard (D:1)
24 creatures vanquished.

Notes
Turn   | Place    | Note
-------+----------+-------------------------------------------
     0 | D:1      | Minkie the Ghoul Necromancer began the quest for the Orb.
     0 | D:1      | Reached XP level 1. HP: 14/14 MP: 2/2
    86 | D:1      | Reached XP level 2. HP: 17/22 MP: 0/3
   264 | D:1      | Reached skill level 1 in Fighting
   264 | D:1      | Reached skill level 1 in Unarmed Combat
   369 | D:1      | Found a sparkling altar of Nemelex Xobeh.
   626 | D:2      | Reached XP level 3. HP: 17/28 MP: 5/5
   809 | D:2      | Slain by a worm

Levels and vault maps discovered:
D:1:      minmay_arrival_three_doors, layout_rooms,
          nemelex_xobeh_ov_fountains_minmay
D:2:      layout_basic, kennysheep_generic_room_16, uniq_jessica

Skill      XL: |  1  2 |
---------------+-------+-----
Spellcasting   | 2 |  2.1
Fighting       | 1 |  1.2
Unarmed Combat | 1 |  1.3
Dodging        | |  1.7
Stealth        | |  2.1
Necromancy     | |  4.2

Action                   || total
-------------------------++-------
Melee: Unarmed           ||   112
 Cast: Pain              ||    18
 Stab: Sleeping          ||     3
  Eat: Chunk             ||    23
Armor: Robe              ||    14
Dodge: Dodged            ||    84
